Description

Third started before pool finishes, no need to deal with pesky reapers.

Only 2 in the gas

Delay 1 of the 2 queens for the quicker third hatch.

Make 4 lings as normal, 6 if feeling pressured.

Replay - 2019-02-26 - (Z)YorkiePud VS (T)ZanyeEast

Build Order

Get SALT Encoding   

  12  0:01  Drone  
  13  0:16  Drone  
  13  0:17  Overlord  
  14  0:42  Hatchery  
  13  0:45  Drone x2  
  15  0:58  Drone  
  16  1:12  Spawning Pool  
  16  1:14  Drone x2  
  17  1:29  Drone x2  
  17  1:31  Extractor  
  18  1:45  Drone  
  19  1:51  Hatchery  
  19  2:03  Queen  
  19  2:06  Zergling x4  
  26  2:26  Overlord  
  27  2:44  Queen  
  27  2:47  Metabolic Boost  
  33  3:03  Overlord  
  39  3:26  Queen  
  43  3:36  Queen  
  43  3:41  Overlord  
  49  3:52  Evolution Chamber  
  49  3:57  Overlord  
  52  4:09  Zergling x10  
  57  4:15  Queen  
  59  4:27  Queen  
  59  4:30  Lair  
  66  4:32  Zerg Missile Weapons Level 1  
  67  4:42  Baneling Nest  
  67  4:45  Roach Warren  
  70  4:48  Extractor x2  
  73  5:14  Spore Crawler x2  
  71  5:28  Zergling x6  
  71  5:29  Spore Crawler, Glial Reconstitution  
  71  5:30  Centrifical Hooks  
  71  5:32  Baneling x2  
  83  5:37  Extractor x2  
  82  5:48  Roach x4  
  93  5:51  Baneling  
  100  6:27  Hatchery x2  
  100  6:28  Queen x2, Extractor  
  100  6:29  Infestation Pit  
  106  6:48  Baneling x5  
  106  7:07  Hive  
  111  7:44  Baneling x2  
  111  7:46  Zerg Ground Armor Level 1  
  111  7:49  Queen  
  111  7:50  Evolution Chamber  
  122  8:14  Overseer  
  122  8:18  Zerg Melee Weapons Level 1  
  122  8:19  Adrenal Glands  
  122  8:25  Ultralisk Cavern  
  119  8:42  Extractor x2  
  116  8:51  Viper x3  
  138  9:21  Spore Crawler x2  
  136  9:27  Ultralisk x3  
Spawning Tool Build Advisor. Get it on Overwolf

Analysis

This alternate opening to the standard hatch gas pool allows you to slingshot your economy and macro into overdrive, with good control and a little sim city when required easily possible.

If all goes well full saturation on 3 bases by 4:00.

Go to:

Details

  • Created by: superblade123
  • Published on: Feb 28, 2019
  • Modified on: Feb 28, 2019
  • Patch: 4.7.1
Show
View Real Time Build Order
Export as new Build Order

Comments (1)

On March 26, 2019, 3:33 p.m., asapchigga  said:

P O G C H O M P

Create an account to comment!